 Dungeon Crawl Stone Soup version 0.19-a0-1051-gdb7e7f8 (webtiles) character file.

7 Jmtri7 the Insei (level 2, -2/18 HPs)
             Began as an Octopode Transmuter on Aug 2, 2016.
             Slain by a giant gecko (4 damage)
             ... on level 1 of the Dungeon.
             The game lasted 00:00:39 (88 turns).

Jmtri7 the Insei (Octopode Transmuter)                Turns: 88, Time: 00:00:40

Health: -2/18      AC:  1    Str:  9    XL:     2   Next: 4%
Magic:  5/5        EV: 13    Int: 15    God:
Gold:   7          SH:  0    Dex: 12    Spells: 1 memorised, 4 levels left

rFire  . . .     SeeInvis .       - Unarmed
rCold  . . .     Gourm    .     (no shield)
rNeg   . . .     Faith    .     (helmet restricted)
rPois  .         Spirit   .     (no amulet)
rElec  .         Dismiss  .     (no ring)
rCorr  .         Reflect  .     (no ring)
SustAt .         Harm     .     (no ring)
MR     .....                    (no ring)
Stlth  ++........               (no ring)
                                (no ring)
                                (no ring)
                                (no ring)

@: not resistant to hostile enchantments, unstealthy
A: almost no armour, amphibious, 8 rings, constrict 8, camouflage 1, gelatinous
body 1
a: no special abilities


You were on level 1 of the Dungeon.
You were not hungry.

You visited 1 branch of the dungeon, and saw 1 of its levels.

You collected 7 gold pieces.

Inventory:

Missiles
 a - 12 arrows
Scrolls
 d - 3 scrolls of identify {unknown}
Potions
 e - a potion of flight {unknown}
Books
 b - a book of Changes

   Spells                             Type                      Level
   a - Beastly Appendage              Transmutation                1
   b - Sticks to Snakes               Transmutation                2
   c - Spider Form                    Transmutation/Poison         3
   d - Ice Form                       Ice/Transmutation            4
   e - Blade Hands                    Transmutation                5
Comestibles
 c - a bread ration
 f - 2 chunks of flesh


   Skills:
 - Level 1.0 Fighting
 - Level 2.0 Dodging
 - Level 3.0 Unarmed Combat
 - Level 2.0 Spellcasting
 + Level 2.7 Transmutations


You had 4 spell levels left.
You knew the following spells:

 Your Spells              Type           Power        Failure   Level  Hunger
a - Beastly Appendage     Tmut           #.....       10%         1    #......


Dungeon Overview and Level Annotations

Branches:
Dungeon (1/15)

Altars:


Innate Abilities, Weirdness & Mutations

You cannot wear most types of armour.
You are amphibious.
You can wear up to eight rings at the same time.
You can use your tentacles to constrict eight enemies at once.
Your skin changes colour to match your surroundings (Stealth+).
Your rubbery body absorbs attacks. (AC +1, EV +1)


Message History

You barely miss the giant gecko. Your grab misses the giant gecko.
The giant gecko closely misses you. The hobgoblin barely misses you.
The giant gecko bites you.
* * * LOW HITPOINT WARNING * * *
You tentacle-slap the hobgoblin but do no damage.
You grab the hobgoblin. You constrict the hobgoblin. The hobgoblin misses you.
The giant gecko misses you.
You tentacle-slap the hobgoblin.
The hobgoblin is almost dead.
You constrict the hobgoblin.
You kill the hobgoblin!
You have reached level 2!
The giant gecko closely misses you.
You closely miss the giant gecko. You grab the giant gecko.
You constrict the giant gecko. The giant gecko bites you.
* * * LOW HITPOINT WARNING * * *
You tentacle-slap the giant gecko but do no damage.
The giant gecko is moderately wounded.
You constrict the giant gecko. The giant gecko bites you.
You die...

........# ........# ........#
........)#### #...........#
#...........# #.........).#
#.........l†# #.........@.#
#...........# #...........#
.##...........#
.......%......# ###########
.##...........#####d#K#c#O#M#
#...............############
#.(.###########..'..........
=.... ##############


You could see a giant gecko.

Vanquished Creatures
  A giant cockroach (D:1)
  A goblin (D:1)
  2 hobgoblins (D:1)
  A kobold (D:1)
  A bat (D:1)
6 creatures vanquished.

Notes
Turn   | Place    | Note
-------+----------+-------------------------------------------
     0 | D:1      | Jmtri7 the Octopode Transmuter began the quest for the Orb.
     0 | D:1      | Reached XP level 1. HP: 13/13 MP: 3/3
     1 | D:1      | Noticed a felid
     2 | D:1      | Noticed a ghoul
     4 | D:1      | Noticed a demigod
     4 | D:1      | Noticed a human
     6 | D:1      | Noticed a gargoyle
     8 | D:1      | Noticed a troll
    10 | D:1      | Noticed a tengu
    10 | D:1      | Noticed a halfling
    13 | D:1      | Noticed a vine stalker
    13 | D:1      | Noticed an octopode
    15 | D:1      | Noticed an elf
    15 | D:1      | Noticed a naga
    17 | D:1      | Noticed a demonspawn
    17 | D:1      | Noticed a formicid
    19 | D:1      | Noticed a spriggan
    21 | D:1      | Noticed an ogre
    21 | D:1      | Noticed a minotaur
    23 | D:1      | Noticed a centaur
    23 | D:1      | Noticed a vampire
    25 | D:1      | Noticed a merfolk
    27 | D:1      | Noticed a draconian
    27 | D:1      | Noticed a dwarf
    86 | D:1      | Reached XP level 2. HP: 3/18 MP: 5/5
    88 | D:1      | Slain by a giant gecko

Vault maps used:
D:1:      kb_arrival_jail, minmay_misc_feat_plants

Action                   || total
-------------------------++-------
Melee: Unarmed           ||    18
       Constrict         ||     5
       Tentacles         ||     2
Armor: Skin              ||     1
Dodge: Dodged            ||    16
